Map: 死亡光环-天梯版

Players

JieShi

  • Race: Protoss Protoss
  • League: Master

iGXY (XY) - Winner!

  • Race: Terran Terran

Event: DreamHack SC2 Masters 2020 Winter

VOD

Have the link to the VOD?

Description

Time

  • Played on: Oct. 30, 2020, 9:34 a.m.
  • Length: 7:33

All games in this series

Show
View Real Time Build Order
Export as new Build Order

JieShi Protoss 

Build Orders:  

Get SALT Encoding   

  12  0:00  Probe  
  13  0:12  Probe  
  14  0:17  Pylon  
  14  0:24  Probe (Chrono Boost)  
  15  0:37  Gateway, Probe (Chrono Boost)  
  16  0:44  Probe (Chrono Boost)  
  16  0:46  Assimilator  
  17  0:51  Probe  
  18  1:03  Probe  
  19  1:15  Probe  
  20  1:21  Pylon  
  20  1:23  Zealot (Chrono Boost)  
  22  1:26  Cybernetics Core  
  22  1:27  Probe  
  22  1:32  Assimilator  
  23  1:39  Probe  
  24  1:41  Assimilator  
  24  1:51  Probe  
  25  2:01  Stalker (Chrono Boost)  
  25  2:03  Warp Gate, Probe  
  28  2:17  Pylon  
  29  2:28  Nexus  
  28  2:30  Probe  
  29  2:38  Stalker  
  29  2:42  Probe  
  32  2:52  Gateway  
  32  2:54  Probe  
  33  3:03  Gateway  
  33  3:06  Probe  
  34  3:15  Stalker  
  34  3:19  Probe  
  35  3:28  Pylon  
  35  3:31  Probe  
  36  3:41  Probe (Chrono Boost)  
  36  3:42  Robotics Facility  
  36  3:43  Probe (Chrono Boost)  
  38  3:53  Stalker  
  38  3:54  Stalker  
  42  4:00  Stalker  
  36  4:18  Stalker x2  
  36  4:21  Probe  
  36  4:22  Probe  
  34  4:30  Adept  
  24  4:42  Probe (Chrono Boost)  
  25  4:47  Probe (Chrono Boost)  
  26  4:57  Probe (Chrono Boost)  
  26  4:58  Probe (Chrono Boost)  
  28  5:03  Probe  
  29  5:10  Probe  
  30  5:15  Probe  
  31  5:22  Probe (Chrono Boost)  
  33  5:31  Probe (Chrono Boost)  
  33  5:34  Probe (Chrono Boost)  
  34  5:36  Sentry  
  34  5:38  Sentry  
  39  5:43  Probe x2 (Chrono Boost)  
  39  5:45  Sentry  
  42  5:52  Probe (Chrono Boost)  
  42  5:57  Probe (Chrono Boost)  
  42  5:59  Probe (Chrono Boost)  
  42  6:03  Probe (Chrono Boost)  
  44  6:04  Twilight Council  
  44  6:08  Probe  
  45  6:15  Probe  
  46  6:21  Probe  
  47  6:27  Pylon, Probe  
  48  6:34  Probe (Chrono Boost)  
  48  6:39  Robotics Facility, Probe (Chrono Boost)  
  50  6:43  Zealot  
  50  6:44  Zealot  
  54  6:51  Probe (Chrono Boost)  
  54  6:53  Zealot, Probe (Chrono Boost)  
  58  6:56  Probe (Chrono Boost)  
  58  6:59  Probe  
  60  7:05  Probe  
  60  7:08  Zealot x2  
  57  7:12  Probe  
  52  7:18  Probe  
Show
View Real Time Build Order
Export as new Build Order

iGXY Terran - Winner!

Build Orders:  

Get SALT Encoding   

  12  0:00  SCV  
  13  0:12  SCV  
  14  0:17  Supply Depot  
  14  0:24  SCV  
  14  0:27  Refinery  
  15  0:38  SCV  
  16  0:46  Barracks  
  16  0:50  SCV  
  17  1:02  SCV  
  18  1:09  Engineering Bay  
  18  1:15  SCV  
  19  1:33  Orbital Command  
  19  1:34  Marine  
  19  1:38  Factory  
  20  1:51  Supply Depot  
  20  1:52  Barracks Reactor  
  20  2:01  SCV  
  21  2:13  SCV  
  22  2:22  Command Center  
  22  2:26  SCV  
  23  2:31  Starport  
  23  2:40  Hellion  
  23  2:41  Hellion  
  28  2:51  Supply Depot  
  27  3:01  Hellion  
  27  3:02  Hellion  
  28  3:12  Medivac  
  31  3:13  SCV  
  34  3:25  SCV  
  35  3:30  Marine, Factory Tech Lab  
  35  3:31  Marine  
  37  3:36  Refinery  
  37  3:37  SCV  
  37  3:40  Orbital Command  
  38  3:48  Marine x2  
  38  3:49  SCV  
  38  3:53  Supply Depot  
  41  3:57  Siege Tank  
  41  4:01  SCV  
  45  4:06  Marine  
  45  4:07  Marine  
  45  4:08  SCV  
  48  4:15  SCV  
  45  4:24  Marine x2  
  31  4:39  SCV  
  31  4:42  Siege Tank, Marine x2  
  31  4:43  Orbital Command  
  38  4:50  Refinery  
  38  4:52  SCV  
  38  4:59  Marine  
  37  5:00  Marine  
  37  5:04  Supply Depot, SCV  
  40  5:09  SCV  
  40  5:14  Siege Tank  
  44  5:16  SCV  
  44  5:17  Marine  
  44  5:18  Marine  
  47  5:21  SCV  
  47  5:28  SCV  
  49  5:32  Orbital Command  
  49  5:35  Marine  
  50  5:36  Marine  
  50  5:40  SCV  
  52  5:46  Siege Tank  
  55  5:52  SCV  
  55  5:53  Marine  
  55  5:54  Marine  
  55  5:56  Supply Depot  
  58  5:57  SCV  
  58  6:01  Barracks  
  58  6:03  Barracks, Starport Tech Lab  
  59  6:05  SCV  
  59  6:09  SCV  
  60  6:11  Marine x2  
  60  6:17  SCV  
  63  6:19  Supply Depot  
  63  6:21  SCV  
  64  6:29  SCV  
  64  6:30  Siege Tank  
  68  6:33  SCV  
  68  6:35  Marine  
  68  6:36  Engineering Bay  
  70  6:40  Marine  
  70  6:41  Supply Depot  
  70  6:43  SCV  
  72  6:49  Barracks Tech Lab  
  72  6:50  Barracks Tech Lab  
  72  6:52  SCV  
  72  6:53  Marine  
  74  6:55  SCV  
  74  6:58  Marine  
  76  7:04  SCV  
  77  7:11  Marine  
Tags
 
Add a new tag
Caveats
  • Supply blocks, unpowered buildings, or Contaminate may cause inaccurate times.
  • Supply counts are checked every 10 seconds.